cohdb
Replays
Latest Replays
All Replays
Popular Replays
Top Player Replays
Match Explorer
How It Works
Community
CoH3 Stats
Reddit
Sign in to upload your games and track your stats! →
Sign in with Steam
Match 30825816
Unlisted
Match 30825816
Overview
Messages
Build Orders
End
Vickers Machine Gun Team
Construct Section Command Post
Selects Indian Artillery Battlegroup
Dingo Light Scout Car
Selects Towed ML 4.2-inch Heavy Mortar
Towed ML 4.2-inch Heavy Mortar
Infantry Section
Construct Platoon Command Post
6-pounder Anti-tank Gun Team
Construct Company Command Post
Selects Off-map Airburst Barrage
Off-map Airburst Barrage
Foot Guards Section
Foot Guards Section
Infantry Training
CMP 15cwt Truck
Selects Valour
Selects BL5.5 Artillery Emplacement
Crusader II Medium Tank
Foot Guards Section
Off-map Airburst Barrage
Selects Gurkha Rifles Section
matrix4x4
帝国VD
HelloFriends :D
Get over yourself
SeaNettle
YouZAE
Whisky_Straight
Gyoeung
0
0
Comments
sign in to comment!
No comments posted yet!